 Dungeon Crawl Stone Soup version 0.29.1-1-gd02db6906a (webtiles) character file.

Game seed: 3003371216602751314

7 Ashen the Chiller (level 1, 0/14 HPs)
             Began as a Demonspawn Ice Elementalist on Sept 23, 2022.
             Slain by a quokka (5 damage)
             ... on level 1 of the Dungeon.
             The game lasted 00:01:07 (241 turns).

Ashen the Chiller (Demonspawn Ice Elementalist)      Turns: 241, Time: 00:01:07

Health: 0/14       AC:  2    Str:  8    XL:     1   Next: 83%
Magic:  0/3        EV: 12    Int: 16    God:
Gold:   14         SH:  0    Dex: 13    Spells: 3/4 levels left

rFire   . . .      SeeInvis .   (no weapon)
rCold   . . .      Faith    .   (no shield)
rNeg    . . .      Spirit   .   a - +0 robe
rPois   .          Reflect  .   (no helmet)
rElec   .          Harm     .   (no cloak)
rCorr   .          Rampage  .   (no gloves)
Will    .....                   (no boots)
Stlth   ++........              (no amulet)
HPRegen 0.04/turn               (no ring)
MPRegen 0.08/turn               (no ring)

@: no status effects
A: no striking features
a: no special abilities


You were on level 1 of the Dungeon.
You visited 1 branch of the dungeon, and saw 1 of its levels.

You collected 14 gold pieces.

Inventory:

Missiles
 c - 5 javelins (quivered)
Armour
 a - a +0 robe (worn)
Potions
 b - a potion of magic
 d - 2 potions of mutation {unknown}


   Skills:
 + Level 0.4 Fighting
 + Level 1.9 Dodging
 + Level 1.9 Stealth
 + Level 2.1 Spellcasting
 + Level 3.6 Ice Magic


You had 3 spell levels left.
You knew the following spells:

 Your Spells              Type           Power      Damage    Failure   Level
a - Freeze                Ice            52%        1d7       4%          1

Your spell library contained the following spells:

 Spells                   Type           Power      Damage    Failure   Level
 Frozen Ramparts          Ice            26%        1d4       14%         3
 Ozocubu's Armour         Ice            13%        N/A       14%         3
 Hailstorm                Conj/Ice       7%         3d4       67%         4


Dungeon Overview and Level Annotations

Branches:
Dungeon (1/15)

Altars:


Message History

Press: ? - help, Shift-Dir - straight line, f/p - hobgoblin
Aim: a hobgoblin (moderately wounded)
You freeze the hobgoblin.
You kill the hobgoblin!
Casting: Freeze (safe; 4% risk of failure)
Confirm with . or Enter, or press ? or * to list all spells.
You can't see any susceptible monsters within range! (Use Z to cast anyway.)
A quokka comes into view.
A kobold comes into view. It is wielding a +0 short sword.
The kobold shouts!
The kobold throws a stone.
The stone hits you.
The kobold throws a stone.
The stone barely misses you. The quokka closely misses you.
The kobold throws a stone.
The stone hits you but does no damage.
Casting: Freeze (safe; 4% risk of failure)
Confirm with . or Enter, or press ? or * to list all spells.
Aiming: Freeze (safe; 4% risk of failure)
Press: ? - help, Shift-Dir - straight line, f - quokka
Aim: a quokka You freeze the quokka.
The quokka is heavily wounded.
The quokka closely misses you. The quokka bites you.
The kobold throws a stone.
The stone barely misses you.
The quokka bites you but does no damage.
A ball python comes into view.
The ball python hisses angrily.
The quokka bites you.
Casting: Freeze (safe; 4% risk of failure)
Confirm with . or Enter, or press ? or * to list all spells.
Aiming: Freeze (safe; 4% risk of failure)
Press: ? - help, Shift-Dir - straight line, f/p - quokka
Aim: a quokka (heavily wounded)
You freeze the quokka.
The quokka is almost dead.
The quokka closely misses you.
An endoplasm comes into view.
The quokka misses you.
The endoplasm quivers.
The quokka bites you.
You die...

..........#.##..............#...#
##...###..#.......#####.....#..##
G#...#G#....................#.##
##...###...g................#+#
$.........................#
..._......................#
...........###.............
##...###....†..#+##........
G#...#G#........@S.....#
##...###.........r.....#
.g.......†.†..#....#.......
.†.......##..>....K#+###...
.........##...........# .
.........##...........+
.........#..####...?..#
............# ..##J....#
..###....#..+... ..#...+


You could see an endoplasm, a quokka, a ball python and a kobold.

Vanquished Creatures
  2 hobgoblins (D:1)
  2 quokkas (D:1)
  A frilled lizard (D:1)
  A rat (D:1)
6 creatures vanquished.

Notes
Turn   | Place    | Note
-------+----------+-------------------------------------------
     0 | D:1      | Ashen the Demonspawn Ice Elementalist began the quest for
                  | the Orb.
     0 | D:1      | Reached XP level 1. HP: 13/13 MP: 3/3
    68 | D:1      | Found a faded altar of an unknown god.
    69 | D:1      | Noticed a great orb of eyes
   127 | D:1      | Noticed a golden eye
   132 | D:1      | Noticed an eye of devastation
   151 | D:1      | Noticed a floating eye
   241 | D:1      | Slain by a quokka

Illustrated notes

Levels and vault maps discovered:
D:1:      mrwooster_arrival_arrow, layout_basic,
          hellmonk_ecumenical_altar_watching_god, serial_shops,
          nicolae_shop_bloodbath_and_beyond, minmay_misc_feat_secret_circle

Action                   || total
-------------------------++-------
Melee: Unarmed           ||     2
 Cast: Freeze            ||    13
Armor: Robe              ||     4
Dodge: Dodged            ||    17
